[Event "Titled Tuesday Blitz March 07 Late 2023"]
[White "Ferriz Barrios, Andres"]
[Black "Shapiro, Viktor"]
[WhiteFideId "5104467"]
[BlackFideId "4175700"]
[WhiteElo "2247"]
[BlackElo "2152"]
[Result "0-1"]
[Round "06"]
[TimeControl "180+2"]
[Date "2023.03.07"]
[WhiteClock "0:01:08"]
[BlackClock "0:00:29"]

1. d4 Nf6 2. Nf3 c5 3. c3 e6 4. e3 d5 5. Nbd2 Nc6 6. Bd3 Bd6 7. O-O O-O 8. Qe2 e5 9. dxc5 Bxc5 10. e4 Re8 11. h3 d4 12. Nb3 Bb6 13. Bg5 h6 14. Bh4 dxc3 15. bxc3 Qe7 16. Rad1 Be6 17. g4 g5 18. Bg3 Nd7 19. Bc4 Rad8 20. Ne1 f6 21. Ng2 Qf7 22. Bxe6 Qxe6 23. Ne3 Nf8 24. Nf5 Kh7 25. h4 Ng6 26. hxg5 hxg5 27. Kg2 Nf4+ 28. Bxf4 exf4 29. Rh1+ Kg8 30. f3 Rxd1 31. Rxd1 Rd8 32. Nbd4 Nxd4 33. cxd4 Rd7 34. d5 Qe5 35. Rd2 Rh7 36. d6 Qc3 37. d7 Bd8 38. Rc2 Qa1 39. Qc4+ Kh8 40. Rc1 Qb2+ 41. Rc2 Qb1 42. Rc1 Qb2+ 43. Rc2 Qb6 44. Rd2 Qb1 45. Qf1 Rh2+ 46. Kxh2 Qxf1 47. Rg2 Qxf3 48. Kg1 Qxe4 49. Rh2+ Kg8 50. Nh6+ Kf8 51. Nf5 Bb6+ 52. Kf1 Qb1+ 53. Kg2 Qxa2+ 54. Kh3 Qd5 0-1


[Site "https://www.chess.com"]

[Event "Titled Tuesday Blitz March 07 Late 2023"]
[White "Grycel, Kamil"]
[Black "olga-belka"]
[WhiteFideId "1115499"]
[WhiteElo "2483"]
[BlackElo "2220"]
[Result "0-1"]
[Round "06"]
[TimeControl "180+2"]
[Date "2023.03.07"]
[WhiteClock "0:00:12"]
[BlackClock "0:00:02"]

1. b3 e5 2. Bb2 Nc6 3. Nf3 d6 4. d4 exd4 5. Nxd4 Nxd4 6. Qxd4 Nf6 7. Nc3 Be7 8. e4 O-O 9. O-O-O Be6 10. f4 Re8 11. f5 Bd7 12. Bd3 Bf8 13. g4 Nxg4 14. Rhg1 Qh4 15. Rxg4 Qxg4 16. Rg1 Qf4+ 17. Kb1 c5 18. Qc4 Qe3 19. Rf1 Qd4 20. Qxd4 cxd4 21. Ne2 Bc6 22. Ng3 d5 23. e5 Rxe5 24. Bxd4 Ree8 25. Nh5 f6 26. Rg1 Kf7 27. Kb2 a6 28. Nf4 Bb5 29. Ne6 Bxd3 30. cxd3 Rac8 31. a4 g6 32. Nf4 gxf5 33. Rg2 Bd6 34. Nh5 Be5 35. Bxe5 fxe5 36. Rg7+ Kf8 37. Rxh7 e4 38. Nf6 Red8 39. d4 Rc6 40. Nh5 e3 41. Nf4 Ke8 42. Rh8+ Ke7 43. Rh7+ Kf6 44. Rh6+ Kg5 45. Rh4 Kxh4 46. Ng2+ Kh3 47. Nxe3 Kxh2 48. Nxd5 Rxd5 49. b4 Rxd4 50. b5 axb5 51. axb5 Rb4+ 52. Ka3 Rxb5 53. Ka4 Rb1 54. Ka3 Ra6# 0-1


[Site "https://www.chess.com"]

[Event "Titled Tuesday Blitz March 07 Late 2023"]
[White "Estrada Nieto, Julian"]
[Black "Hartikainen, Jarmo"]
[WhiteFideId "5101018"]
[BlackFideId "503134"]
[WhiteElo "2176"]
[BlackElo "2196"]
[Result "1-0"]
[Round "06"]
[TimeControl "180+2"]
[Date "2023.03.07"]
[WhiteClock "0:01:13"]
[BlackClock "0:00:04"]

1. e4 c5 2. Nf3 Nc6 3. Bb5 g6 4. Bxc6 dxc6 5. d3 Bg4 6. h3 Bxf3 7. Qxf3 Bg7 8. Nc3 e5 9. Be3 Qe7 10. Qg3 O-O-O 11. O-O-O b6 12. f3 Qe6 13. Qg4 Qxg4 14. hxg4 h5 15. gxh5 Rxh5 16. Rxh5 gxh5 17. Rh1 Nf6 18. Bg5 Rh8 19. Bxf6 Bxf6 20. Kd1 h4 21. Ke2 Kd7 22. Nd1 Ke6 23. Ne3 b5 24. Nf5 a5 25. b3 b4 26. Kf2 a4 27. Ne3 Ra8 28. Ke2 axb3 29. axb3 Ra2 30. Rc1 Bg5 31. Kd2 Ra8 32. Rb1 Ra2 33. Rc1 f6 34. Ke2 Ra8 35. Rd1 Ra2 36. Rd2 Rb2 37. Nc4 Rb1 38. Rd1 Rxd1 39. Kxd1 f5 40. Ke2 f4 41. Na5 Kd7 42. Nb7 Be7 43. Kd2 Kc7 44. Na5 Kd7 45. Nc4 Bf6 46. Ke2 Kc7 47. Kf2 Kd7 48. Kg1 Kc7 49. Kh2 Kd7 50. Kh3 Kc7 51. Kg4 Kd7 52. Kf5 1-0


[Site "https://www.chess.com"]

[Event "Titled Tuesday Blitz March 07 Late 2023"]
[White "Sailer, Mike"]
[Black "Pino Perez, Lazaro"]
[WhiteFideId "2012901"]
[BlackFideId "3517055"]
[WhiteElo "2109"]
[BlackElo "2170"]
[Result "0-1"]
[Round "06"]
[TimeControl "180+2"]
[Date "2023.03.07"]
[WhiteClock "0:00:27"]
[BlackClock "0:00:13"]

1. d4 d5 2. Bg5 h6 3. Bh4 c6 4. Nf3 Qb6 5. Nbd2 Qxb2 6. e3 Bf5 7. Rb1 Qxa2 8. Rxb7 Nd7 9. Bd3 Bxd3 10. cxd3 Ngf6 11. O-O e6 12. Bxf6 gxf6 13. Qc1 Qa6 14. Qb1 Rc8 15. e4 Nb6 16. Rxb6 axb6 17. exd5 cxd5 18. Re1 Bd6 19. Nf1 Rc3 20. Ne3 Kf8 21. Ng4 Be7 22. Re3 h5 23. Nge5 fxe5 24. Nxe5 Qa3 25. Re1 Bf6 26. Nd7+ Ke7 27. Nxf6 Kxf6 28. Qxb6 Rc1 0-1


[Site "https://www.chess.com"]

[Event "Titled Tuesday Blitz March 07 Late 2023"]
[White "Tyagi, Kushan"]
[Black "Cueto, Jonny"]
[WhiteFideId "2040069"]
[BlackFideId "3300145"]
[WhiteElo "2375"]
[BlackElo "2234"]
[Result "1-0"]
[Round "06"]
[TimeControl "180+2"]
[Date "2023.03.07"]
[WhiteClock "0:00:16"]
[BlackClock "0:00:12"]

1. d4 e6 2. c4 Nf6 3. g3 Be7 4. Nf3 b6 5. Bg2 Bb7 6. O-O O-O 7. Nc3 Ne4 8. Qc2 Nxc3 9. Ng5 f5 10. Bxb7 Bxg5 11. Bxg5 Qxg5 12. Bxa8 Ne4 13. Bxe4 fxe4 14. Qxe4 Nc6 15. h4 Qa5 16. a3 Ne7 17. b4 Qh5 18. Kg2 Nf5 19. d5 exd5 20. Qxd5+ Kh8 21. Qxd7 Qg4 22. Kh2 g5 23. hxg5 Qxg5 24. Qd3 h5 25. Rad1 h4 26. Rh1 Kh7 27. Kg2 Kh6 28. Rh3 Kg6 29. Rdh1 hxg3 30. Rxg3 1-0


[Site "https://www.chess.com"]

[Event "Titled Tuesday Blitz March 07 Late 2023"]
[White "Davidson, Kevin"]
[Black "Sabar, Ethmane Daouda"]
[WhiteFideId "2056810"]
[BlackFideId "19600097"]
[WhiteElo "2151"]
[BlackElo "1950"]
[Result "1-0"]
[Round "06"]
[TimeControl "180+2"]
[Date "2023.03.07"]
[WhiteClock "0:00:06"]
[BlackClock "0:00:10"]

1. e4 c5 2. Nf3 Nc6 3. d4 cxd4 4. Nxd4 e5 5. Nb5 a6 6. Nd6+ Bxd6 7. Qxd6 Qf6 8. Qd1 Qg6 9. Nc3 Nge7 10. h4 h5 11. Bg5 O-O 12. Be2 f5 13. Bxh5 Qe6 14. Bf3 Nd4 15. Bxe7 Qxe7 16. Nd5 Qf7 17. c3 fxe4 18. cxd4 exf3 19. Qxf3 Qe6 20. Qe4 exd4 21. f3 b5 22. O-O Bb7 23. Ne7+ Kf7 24. Qxb7 Qxe7 25. Rfe1 Qxh4 26. Qd5+ Kg6 27. Re4 Qf6 28. Rae1 Rac8 29. Rg4+ Kh7 30. Qh5+ Kg8 31. Rh4 d3 32. Qh8+ Kf7 33. Qh5+ Kg8 34. Qd5+ Qf7 35. Qxd3 Rce8 36. Qh7# 1-0


[Site "https://www.chess.com"]

[Event "Titled Tuesday Blitz March 07 Late 2023"]
[White "Chemin, Justo Reinaldo"]
[Black "sissahungrychess"]
[WhiteFideId "2101580"]
[WhiteElo "1940"]
[BlackElo "2366"]
[Result "0-1"]
[Round "06"]
[TimeControl "180+2"]
[Date "2023.03.07"]
[WhiteClock "0:00:10"]
[BlackClock "0:00:10"]

1. d4 Nf6 2. g4 Nxg4 3. e4 d5 4. h3 Nh6 5. Bxh6 gxh6 6. Bg2 Rg8 7. Bf3 c6 8. Nc3 dxe4 9. Nxe4 Bf5 10. Qe2 e6 11. O-O-O Nd7 12. Ng3 Bg6 13. h4 Bd6 14. h5 Bxg3 15. hxg6 Bf4+ 16. Kb1 hxg6 17. Nh3 Bd6 18. d5 cxd5 19. Bxd5 Qe7 20. Bxb7 Rb8 21. Bc6 Rb6 22. Ba4 Kf8 23. Bb3 Nc5 24. Qd2 Kg7 25. Nf4 Bxf4 26. Qxf4 h5 27. Rdg1 Nxb3 28. Rxh5 Kf8 29. Qh6+ Ke8 30. axb3 Qf8 31. Qxf8+ Rxf8 32. Rc5 Ke7 33. Rd1 Kf6 34. Rc7 a6 35. Rdd7 e5 36. Kc1 g5 37. Kd2 Kg6 38. Ke3 Rf6 39. b4 Rh8 40. c4 Rh3+ 41. Ke2 Rb3 0-1


[Site "https://www.chess.com"]

[Event "Titled Tuesday Blitz March 07 Late 2023"]
[White "Vifleemskaia, Svetlana"]
[Black "Von Buelow, Georg"]
[WhiteFideId "4129490"]
[BlackFideId "4620658"]
[WhiteElo "1930"]
[BlackElo "2107"]
[Result "0-1"]
[Round "06"]
[TimeControl "180+2"]
[Date "2023.03.07"]
[WhiteClock "0:00:02"]
[BlackClock "0:00:25"]

1. d4 Nf6 2. c4 g6 3. Nc3 d5 4. cxd5 Nxd5 5. Bd2 Bg7 6. e4 Nb6 7. Be3 O-O 8. Nf3 Bg4 9. Be2 Nc6 10. d5 Bxf3 11. gxf3 Ne5 12. f4 Nec4 13. Bxc4 Nxc4 14. Bd4 Nxb2 15. Qd2 Nc4 16. Qd3 Bxd4 17. Qxd4 Nd6 18. h4 c5 19. dxc6 bxc6 20. h5 Nb5 21. Qc4 Qd4 22. Qxd4 Nxd4 23. O-O Rfd8 24. hxg6 hxg6 25. Kg2 Rab8 26. Rab1 Rb6 27. Rfd1 e6 28. f3 c5 29. Rxb6 axb6 30. Nb5 Kf8 31. Kf2 Ke7 32. Nxd4 cxd4 33. Rb1 Ra8 34. Rb2 Ra6 35. Ke2 Kd6 36. Kd3 Kc5 37. Rc2+ Kd6 38. Kxd4 b5 39. e5+ Kd7 40. Kc5 Ra4 41. Kxb5 Rxf4 42. Rc3 Rf5 43. Re3 Kc7 44. a4 Kb7 45. Kc5 g5 46. Kd6 Kb6 47. Ke7 Ka5 48. Re4 Rxf3 49. Rg4 Rf5 50. Re4 Rf4 51. Re3 Kxa4 52. Rg3 g4 53. Kf8 Kb4 54. Rd3 Kc4 55. Rd7 g3 56. Rd1 g2 57. Kg7 Rf1 0-1


[Site "https://www.chess.com"]

[Event "Titled Tuesday Blitz March 07 Late 2023"]
[White "Dorato, Adriano"]
[Black "Quinones Garcia, Santiago"]
[WhiteFideId "2802894"]
[BlackFideId "4408497"]
[WhiteElo "1709"]
[BlackElo "2263"]
[Result "0-1"]
[Round "06"]
[TimeControl "180+2"]
[Date "2023.03.07"]
[WhiteClock "0:00:02"]
[BlackClock "0:00:36"]

1. d4 Nf6 2. Nf3 g6 3. e3 Bg7 4. Be2 d6 5. O-O O-O 6. b3 a5 7. Bb2 a4 8. c4 c6 9. Nbd2 Bf5 10. Re1 Nbd7 11. Nf1 Re8 12. Ng3 Bg4 13. h3 Bxf3 14. Bxf3 Qc7 15. Rc1 e5 16. e4 axb3 17. axb3 Ra2 18. Bc3 exd4 19. Bxd4 Ne5 20. Bxe5 Rxe5 21. Qd3 Nd7 22. Red1 Re6 23. Ne2 Nc5 24. Qe3 f5 25. Nd4 Re8 26. Re1 Nxe4 27. Qd3 Qb6 28. Rcd1 d5 29. cxd5 cxd5 30. Bxe4 fxe4 31. Qc3 Rf8 32. Rf1 Re2 33. Nxe2 Bxc3 34. Nxc3 Qxb3 35. Nxd5 Kf7 36. Ne3 Re8 37. Rd7+ Re7 38. Rd4 Qb6 39. Rfd1 Qe6 40. Nd5 Rd7 41. Nf4 Rxd4 42. Rxd4 Qe5 43. Ne2 b5 44. Rd7+ Kg8 0-1


[Site "https://www.chess.com"]

[Event "Titled Tuesday Blitz March 07 Late 2023"]
[White "Delgado Rosas, Fatima Alexandra"]
[Black "Curtis, John"]
[WhiteFideId "6603963"]
[BlackFideId "3200256"]
[WhiteElo "2319"]
[BlackElo "2203"]
[Result "1-0"]
[Round "06"]
[TimeControl "180+2"]
[Date "2023.03.07"]
[WhiteClock "0:01:06"]
[BlackClock "0:00:01"]

1. d4 Nf6 2. c4 c5 3. d5 b5 4. Nd2 e6 5. e4 bxc4 6. Bxc4 exd5 7. exd5 d6 8. Ngf3 Qe7+ 9. Qe2 Qxe2+ 10. Kxe2 Bb7 11. Rd1 Bxd5 12. Bxd5 Nxd5 13. Nc4 Nb4 14. Nxd6+ Bxd6 15. Rxd6 O-O 16. Be3 Re8 17. a3 Nc2 18. Rc1 Nxe3 19. fxe3 a5 20. Rxc5 Ra7 21. Rcd5 Rb7 22. Rd8 Rxb2+ 23. Kd3 Kf8 24. Kc3 Rxg2 25. Ne5 f6 26. Rxb8 Rxb8 27. Nd7+ Ke7 28. Nxb8 Rxh2 29. Nc6+ Ke6 30. Rxa5 h5 31. Nd4+ Kf7 32. Ra7+ Kg8 33. Nf5 g5 34. a4 Rf2 35. Ne7+ Kf7 36. Nd5+ Kg6 37. a5 h4 38. Ra8 Ra2 39. Nb4 Ra1 40. a6 h3 41. Rh8 g4 42. Kb2 Ra5 43. Kc3 Kf5 44. Kd3 Ra1 45. e4+ Kg5 46. Nd5 Rxa6 47. Rg8+ Kh4 48. Ke3 h2 49. Nf4 Kg3 50. Ne2+ Kh3 51. Rh8+ Kg2 52. Nf4+ Kg1 53. Ne2+ Kg2 54. Rh4 g3 55. Nf4+ Kf1 56. Rg4 h1=Q 57. Nd3 Ra3 58. Rf4+ 1-0


[Site "https://www.chess.com"]

[Event "Titled Tuesday Blitz March 07 Late 2023"]
[White "Jesusesmifuerza"]
[Black "Sarkar, Justin"]
[BlackFideId "2010011"]
[WhiteElo "2055"]
[BlackElo "2189"]
[Result "1/2-1/2"]
[Round "06"]
[TimeControl "180+2"]
[Date "2023.03.07"]
[WhiteClock "0:00:36"]
[BlackClock "0:00:01"]

1. d4 Nf6 2. Bg5 h6 3. Bxf6 exf6 4. c4 Bb4+ 5. Nc3 Bxc3+ 6. bxc3 O-O 7. e3 d6 8. Bd3 c5 9. h3 Nc6 10. Nf3 Qa5 11. Qd2 b6 12. Be4 Bb7 13. O-O Qa4 14. Bd5 Rad8 15. Rfc1 Na5 16. Qc2 Qxc2 17. Rxc2 Bxd5 18. cxd5 f5 19. Nd2 Rc8 20. Rac1 Rc7 21. c4 Rfc8 22. Nb3 cxd4 23. Nxa5 d3 24. Rc3 bxa5 25. Kf1 d2 26. Rd1 Rxc4 27. Rxc4 Rxc4 28. Rxd2 Kf8 29. Ke2 Ke7 30. Kd3 Ra4 31. Rb2 Kf6 32. g3 Ke5 33. f4+ Kxd5 34. Rb5+ Ke6 35. Rb2 Ra3+ 36. Ke2 a4 37. Kf3 a5 38. g4 Rc3 39. gxf5+ Kxf5 40. Rb5+ Ke6 41. Rxa5 Ra3 42. Ra8 Rxa2 43. Re8+ Kd7 44. Rf8 Ke7 45. Rg8 g6 46. Ra8 a3 47. h4 Ra1 48. Ra4 Ke6 49. Ra5 f5 50. Ra4 Kd7 51. Ra5 Kc6 52. Ra4 Kb5 53. Ra8 Kb4 54. Rb8+ Kc3 55. Rc8+ Kb3 56. Rb8+ Ka2 57. e4 Rb1 58. Ra8 Rb3+ 59. Ke2 fxe4 60. Ra6 Kb2 61. Rxd6 a2 62. Rd1 Ka3 63. Ra1 Rb1 64. Ke3 Rxa1 65. Kxe4 Re1+ 66. Kd5 a1=Q 67. Kd6 Rf1 68. Kd7 Rxf4 69. Ke7 Rxh4 70. Ke8 Re4+ 71. Kf7 Qe5 72. Kxg6 1/2-1/2


[Site "https://www.chess.com"]

[Event "Titled Tuesday Blitz March 07 Late 2023"]
[White "Manu_ChessExcelsior"]
[Black "Pesotskiy, Mikhail"]
[BlackFideId "34164453"]
[WhiteElo "1988"]
[BlackElo "2131"]
[Result "0-1"]
[Round "06"]
[TimeControl "180+2"]
[Date "2023.03.07"]
[WhiteClock "0:00:02"]
[BlackClock "0:00:05"]

1. e4 e6 2. d3 c5 3. g3 Nc6 4. Bg2 g6 5. f4 Bg7 6. Nf3 d6 7. O-O Nge7 8. c3 O-O 9. Be3 b5 10. Bf2 b4 11. e5 Rb8 12. Re1 Qc7 13. d4 bxc3 14. bxc3 cxd4 15. cxd4 Nd5 16. Nbd2 Ba6 17. Rc1 Rfc8 18. Ne4 dxe5 19. dxe5 Rb2 20. Nd6 Rcb8 21. Nd4 R8b6 22. Qa4 R2b4 23. Qa3 Nxd4 24. Rxc7 Nxc7 25. Bxd4 Rxd4 26. Qc5 Nb5 27. Nxb5 Rd2 28. Nc3 Rbb2 29. Bf3 Bf8 30. Qc7 Rdc2 31. Qa5 Bb4 32. Qxa6 Bxc3 33. Re2 Bd4+ 34. Kg2 Rxe2+ 35. Bxe2 Bb6 36. Qc8+ Kg7 37. Qc4 h5 38. Kf3 Rd2 39. h4 Rb2 40. Bd3 Rd2 41. Bc2 Rf2+ 42. Ke4 Rd2 43. Bb3 Rf2 0-1


[Site "https://www.chess.com"]

[Event "Titled Tuesday Blitz March 07 Late 2023"]
[White "Desideri, Ricardo Maruchi"]
[Black "Leonte, Sebastian-Marian"]
[WhiteFideId "2110440"]
[BlackFideId "1268767"]
[WhiteElo "1945"]
[BlackElo "2288"]
[Result "0-1"]
[Round "06"]
[TimeControl "180+2"]
[Date "2023.03.07"]
[WhiteClock "0:00:02"]
[BlackClock "0:00:29"]

1. e4 e5 2. f4 exf4 3. Bc4 Nf6 4. Nc3 c6 5. Nf3 d5 6. exd5 cxd5 7. Bb5+ Nc6 8. O-O Be7 9. Re1 d4 10. Bxc6+ bxc6 11. Ne4 O-O 12. d3 Nd5 13. c4 Ne3 14. Qe2 f5 15. Ned2 Bf6 16. Nf1 Bb7 17. Nxe3 fxe3 18. Rf1 c5 19. a3 a5 20. b3 Qd6 21. Bb2 g5 22. b4 g4 23. Ne1 axb4 24. axb4 Rxa1 25. Bxa1 Be5 26. g3 h5 27. bxc5 Qc7 28. Ng2 Qc6 29. Bb2 Kg7 30. Ra1 Ra8 31. Rxa8 Bxa8 32. Kf1 h4 33. gxh4 Bxh2 34. Bxd4+ Kg6 35. Bxe3 Qf6 36. Nf4+ Bxf4 37. Bxf4 Qxh4 38. Qe6+ Qf6 39. Qxf6+ Kxf6 40. d4 Be4 41. d5 Bd3+ 0-1


[Site "https://www.chess.com"]

[Event "Titled Tuesday Blitz March 07 Late 2023"]
[White "Vargas, Mauricio"]
[Black "Einarsson, Halldor Gretar"]
[WhiteFideId "4404572"]
[BlackFideId "2300150"]
[WhiteElo "2025"]
[BlackElo "2142"]
[Result "0-1"]
[Round "06"]
[TimeControl "180+2"]
[Date "2023.03.07"]
[WhiteClock "0:00:01"]
[BlackClock "0:00:24"]

1. e4 c5 2. Nc3 Nc6 3. f4 g6 4. Nf3 Bg7 5. d3 e6 6. Bd2 Nge7 7. Ne2 Bxb2 8. Rb1 Bg7 9. h3 d5 10. e5 b6 11. g4 Bb7 12. a4 h5 13. g5 Nf5 14. Bg2 Qd7 15. Rb2 d4 16. Qb1 Nce7 17. a5 Nd5 18. axb6 axb6 19. O-O O-O 20. Kh2 Nfe3 21. Rg1 Nxg2 22. Rxg2 Nc3 23. Nxc3 dxc3 24. Bxc3 Bxf3 25. Rf2 Bc6 26. Rxb6 Rfc8 27. Bd2 Bf8 28. Be3 Qd5 29. c4 Qd7 30. Rfb2 Ra3 31. Rb8 Ra8 32. R8b6 Kg7 33. R6b3 Ra5 34. Rb6 Ba8 35. Qe1 Ra3 36. Rd6 Bxd6 37. exd6 Qxd6 38. Bd2 Rxd3 39. Bc3+ Kh7 0-1


[Site "https://www.chess.com"]

[Event "Titled Tuesday Blitz March 07 Late 2023"]
[White "tandercat"]
[Black "Smith, Garrett L"]
[BlackFideId "2024829"]
[WhiteElo "1907"]
[BlackElo "2261"]
[Result "1-0"]
[Round "06"]
[TimeControl "180+2"]
[Date "2023.03.07"]
[WhiteClock "0:01:32"]
[BlackClock "0:01:31"]

1. d4 Nf6 2. c4 g6 3. Nc3 d5 4. cxd5 Nxd5 5. e4 Nxc3 6. bxc3 Bg7 7. Bc4 c5 8. Ne2 Nc6 9. Be3 O-O 10. O-O b6 11. Qd2 Bb7 12. h4 e6 13. Rad1 Na5 14. Bd3 cxd4 15. cxd4 Rc8 16. h5 Nc4 17. Bxc4 Rxc4 18. Bg5 Qd7 19. Bh6 Bxe4 20. Bxg7 Kxg7 21. Qf4 Bc2 22. h6+ 1-0


[Site "https://www.chess.com"]

[Event "Titled Tuesday Blitz March 07 Late 2023"]
[White "Munoz Misselis, Nelson Carlos"]
[Black "Good, Daniel"]
[WhiteFideId "6601790"]
[BlackFideId "1302388"]
[WhiteElo "1749"]
[BlackElo "2256"]
[Result "1-0"]
[Round "06"]
[TimeControl "180+2"]
[Date "2023.03.07"]
[WhiteClock "0:00:13"]
[BlackClock "0:00:06"]

1. d4 Nf6 2. c4 g6 3. Nc3 Bg7 4. Nf3 d6 5. e3 O-O 6. Be2 Nc6 7. O-O e5 8. a3 a5 9. Bd2 e4 10. Ne1 Re8 11. g3 h5 12. Ng2 Bh3 13. Re1 Ne7 14. Nf4 Bg4 15. Bxg4 hxg4 16. Kg2 Nf5 17. Rh1 Qd7 18. Ncd5 Nh7 19. Qxg4 c6 20. Qe2 cxd5 21. cxd5 Ng5 22. h4 Nf3 23. Bc3 Bf6 24. h5 g5 25. Nh3 Kg7 26. Ng1 g4 27. Rc1 Rh8 28. Qc2 Qe7 29. Ne2 Bg5 30. Nf4 Bxf4 31. exf4 Rh6 32. Rcd1 Rah8 33. Bxa5 Rxh5 34. Rxh5 Rxh5 35. Rh1 Rxh1 36. Kxh1 Qf6 37. Kg2 Ne1+ 38. Bxe1 Qxd4 39. Bc3 f6 40. Bxd4 Nxd4 41. Qxe4 Nf3 42. Qe7+ Kg6 43. Qe4+ f5 44. Qxf3 gxf3+ 45. Kxf3 Kf6 46. g4 fxg4+ 47. Kxg4 b5 48. b3 Kf7 49. a4 Kf6 1-0


[Site "https://www.chess.com"]

[Event "Titled Tuesday Blitz March 07 Late 2023"]
[White "Comas Fabrego, Lluis"]
[Black "Pasti, Aron"]
[WhiteFideId "2200325"]
[BlackFideId "785857"]
[WhiteElo "2523"]
[BlackElo "2173"]
[Result "0-1"]
[Round "06"]
[TimeControl "180+2"]
[Date "2023.03.07"]
[WhiteClock "0:00:02"]
[BlackClock "0:00:14"]

1. Nf3 d5 2. d4 Nf6 3. c4 e6 4. cxd5 exd5 5. Nc3 Be7 6. Qc2 c6 7. Bg5 h6 8. Bh4 O-O 9. e3 Bg4 10. Ne5 Bh5 11. Bd3 Nbd7 12. h3 Nxe5 13. dxe5 Nd7 14. Bg3 Bh4 15. Bf4 Bg5 16. Bh2 Re8 17. f4 Bh4+ 18. g3 Be7 19. g4 Bh4+ 20. Kf1 Bg6 21. Bxg6 fxg6 22. Qxg6 Qb6 23. Nd1 Qb5+ 24. Kg1 Nxe5 25. Qc2 Nf3+ 26. Kg2 Ne1+ 27. Rxe1 Bxe1 28. Bg3 Bxg3 29. Kxg3 Qb6 30. Kf3 Qb4 31. Nc3 d4 32. exd4 Qxd4 0-1


[Site "https://www.chess.com"]

[Event "Titled Tuesday Blitz March 07 Late 2023"]
[White "Kho, Darrell"]
[Black "MunichMouse"]
[WhiteFideId "1019317"]
[WhiteElo "2164"]
[BlackElo "2294"]
[Result "0-1"]
[Round "06"]
[TimeControl "180+2"]
[Date "2023.03.07"]
[WhiteClock "0:00:01"]
[BlackClock "0:00:27"]

1. e4 c5 2. Nf3 d6 3. d4 cxd4 4. Qxd4 Nc6 5. Qe3 g6 6. Be2 Bg7 7. O-O e6 8. Rd1 Qc7 9. c4 Nge7 10. Nc3 a6 11. b3 O-O 12. Bb2 Ne5 13. Rac1 Nxf3+ 14. Bxf3 Nc6 15. Nd5 Qd8 16. Bxg7 Kxg7 17. Nc3 Qe7 18. Na4 Rb8 19. Nb6 e5 20. Nd5 Qd8 21. Qb6 Nd4 22. Rc3 Be6 23. Qxd8 Rbxd8 24. Rd2 Bxd5 25. exd5 f5 26. Bd1 Kf6 27. Kf1 Rc8 28. Rh3 Rf7 29. f4 b5 30. fxe5+ dxe5 31. Be2 Rfc7 32. cxb5 axb5 33. a4 bxa4 34. bxa4 Rd8 35. Rb2 Nxe2 36. Kxe2 e4 0-1


[Site "https://www.chess.com"]

[Event "Titled Tuesday Blitz March 07 Late 2023"]
[White "Bongo Akanga Ndjila, Barthelemy"]
[Black "Torres Hernandez, Leslie Carolin"]
[WhiteFideId "10609431"]
[BlackFideId "8400504"]
[WhiteElo "1768"]
[BlackElo "1920"]
[Result "1-0"]
[Round "06"]
[TimeControl "180+2"]
[Date "2023.03.07"]
[WhiteClock "0:01:02"]
[BlackClock "0:01:11"]

1. d4 Nf6 2. c4 e6 3. Nf3 b6 4. a3 Bb7 5. Nc3 c5 6. d5 exd5 7. cxd5 d6 8. e4 Nbd7 9. Be2 Be7 10. O-O O-O 11. h3 Re8 12. Bf4 a6 13. Qc2 b5 14. e5 dxe5 15. Nxe5 Nxe5 16. Bxe5 Nxd5 17. Rad1 Bf6 18. Bxf6 Qxf6 19. Nxd5 Bxd5 20. Rxd5 c4 21. Bf3 Rac8 22. Rf5 Qg6 23. Be4 h6 24. Re5 Qf6 25. Rxe8+ Rxe8 26. Re1 Rd8 27. Bh7+ Kh8 28. Be4 g6 29. a4 Kg7 30. axb5 axb5 31. Re2 Rd4 32. Bf3 Rf4 33. Re4 Rxe4 34. Bxe4 Qd4 35. g3 b4 36. Kg2 f5 37. Bf3 b3 38. Qe2 c3 39. bxc3 Qxc3 40. Qe7+ Kh8 41. Qf8+ Kh7 42. Qf7+ Kh8 43. Qxg6 b2 44. Qxh6+ Kg8 45. Qg6+ Kf8 46. Qxf5+ Ke7 47. Be4 Qd4 48. h4 1-0


[Site "https://www.chess.com"]

[Event "Titled Tuesday Blitz March 07 Late 2023"]
[White "Kohler, Aran"]
[Black "Winkels, Marcel"]
[WhiteFideId "1002856"]
[BlackFideId "1003887"]
[WhiteElo "2219"]
[BlackElo "1900"]
[Result "1-0"]
[Round "06"]
[TimeControl "180+2"]
[Date "2023.03.07"]
[WhiteClock "0:00:26"]
[BlackClock "0:00:02"]

1. Nf3 f5 2. d4 Nf6 3. Nc3 g6 4. Bg5 Bg7 5. e3 d6 6. h4 h6 7. Bxf6 Bxf6 8. Bc4 c6 9. Bb3 e6 10. e4 O-O 11. h5 g5 12. exf5 d5 13. fxe6 Re8 14. Qd3 Rxe6+ 15. Kf1 Bg7 16. Re1 Rxe1+ 17. Kxe1 Nd7 18. Kd1 Nf6 19. Ne5 Ng4 20. Rf1 Nxe5 21. dxe5 Bxe5 22. Kc1 Qf6 23. Re1 Bg4 24. f3 Bxh5 25. Nxd5 cxd5 26. Qxd5+ Kh8 27. Qxe5 Qxe5 28. Rxe5 Rd8 29. g4 Bg6 30. Re6 Kg7 31. Re7+ Kf6 32. Rxb7 a5 33. a4 Re8 34. Rb6+ Kg7 35. Kd2 Rf8 36. Bd5 Rd8 37. c4 Rd7 38. Kc3 Bf7 39. Rb7 Rxb7 40. Bxb7 Kf6 41. Kd4 Ke7 42. Bd5 Be8 43. b3 Kd6 44. c5+ Kc7 45. Ke5 Bd7 46. Kf6 h5 47. gxh5 g4 48. fxg4 Bxg4 49. h6 Bd1 50. h7 Bc2 51. h8=Q 1-0


[Site "https://www.chess.com"]

[Event "Titled Tuesday Blitz March 07 Late 2023"]
[White "Bortnyk, Mykola"]
[Black "Martinez Alcantara, Jose Eduardo"]
[WhiteFideId "14120836"]
[BlackFideId "3805662"]
[WhiteElo "2582"]
[BlackElo "2712"]
[Result "0-1"]
[Round "07"]
[TimeControl "180+2"]
[Date "2023.03.07"]
[WhiteClock "0:00:06"]
[BlackClock "0:00:29"]

1. e4 e5 2. Nf3 Nf6 3. Nxe5 d6 4. Nf3 Nxe4 5. Bd3 Nf6 6. O-O Be7 7. Re1 O-O 8. c3 Bg4 9. h3 Bh5 10. Bc2 c5 11. d3 Nc6 12. Bg5 h6 13. Bh4 Re8 14. Nbd2 d5 15. g4 Bg6 16. d4 Bxc2 17. Qxc2 cxd4 18. cxd4 Qb6 19. Qb3 Qxb3 20. Nxb3 Ne4 21. Bxe7 Rxe7 22. Nfd2 Nxd2 23. Nxd2 Rae8 24. Rxe7 Rxe7 25. Nf3 Re2 26. b3 Rb2 27. Kg2 g5 28. Ne5 Nxd4 29. Rd1 Ne6 30. Kf3 Rxa2 31. Rxd5 Ra3 32. Rd3 Rxb3 33. Rxb3 Nd4+ 34. Ke4 Nxb3 35. Nd7 Kg7 36. Kd3 b6 37. Ne5 Nc5+ 38. Kd4 Ne6+ 39. Ke4 a5 40. Nc4 a4 41. Na3 Kg6 42. f3 h5 43. gxh5+ Kxh5 44. Kf5 Kh4 45. Kf6 Nd4 46. Kxf7 b5 0-1


[Site "https://www.chess.com"]

[Event "Titled Tuesday Blitz March 07 Late 2023"]
[White "Hakobyan, Aram"]
[Black "Keymer, Vincent"]
[WhiteFideId "13306677"]
[BlackFideId "12940690"]
[WhiteElo "2563"]
[BlackElo "2651"]
[Result "1/2-1/2"]
[Round "07"]
[TimeControl "180+2"]
[Date "2023.03.07"]
[WhiteClock "0:00:07"]
[BlackClock "0:00:04"]

1. e4 c6 2. d4 d5 3. e5 Bf5 4. Nf3 e6 5. Be2 c5 6. c3 Nc6 7. O-O Bg6 8. a3 Be7 9. b4 c4 10. a4 a5 11. b5 Nb8 12. Ba3 Nd7 13. Nbd2 Bxa3 14. Rxa3 h5 15. Qc1 h4 16. h3 Ne7 17. Re1 Nb6 18. Bd1 Nf5 19. Nf1 Qe7 20. Ra2 O-O-O 21. Bc2 Rh5 22. N1h2 Kb8 23. Ng4 Rdh8 24. Qf4 Ka7 25. Qd2 Qd8 26. Qc1 Qe7 27. Kh2 Bh7 28. Ng1 Nh6 29. Nxh6 Rxh6 30. Bxh7 R6xh7 31. Nf3 Rh5 32. Qa3 Qxa3 33. Rxa3 Kb8 34. Ra2 Kc7 35. Re3 Kd7 36. Kg1 f5 37. Nh2 g5 38. f3 Rg8 39. Kf1 Rh6 40. Ree2 Rhg6 41. Rf2 R8g7 42. Ke1 Kc7 43. Kd1 Nc8 44. Kc1 Ne7 45. Kb2 Ng8 46. Ka3 Nh6 47. Rab2 Kd7 48. b6 g4 49. fxg4 fxg4 50. Nxg4 Nxg4 51. hxg4 Rxg4 52. Rb5 Rxg2 53. Rxg2 Rxg2 54. Rc5 Rc2 55. Rc7+ Kd8 56. Rxb7 Rxc3+ 57. Ka2 h3 58. Rh7 Kc8 59. Rh6 Rd3 60. Rxe6 Rd2+ 61. Ka3 Rxd4 62. Rh6 Rd3+ 63. Ka2 Re3 64. e6 Kb7 65. Kb2 d4 66. Rh4 d3 67. Kc3 Rxe6 68. Rxh3 Rc6 69. Rh5 Kxb6 70. Rb5+ Ka6 71. Rd5 Rc8 72. Rd6+ Kb7 73. Rd5 Kb6 74. Rb5+ Ka6 75. Rd5 Rc6 76. Rd7 Kb6 77. Rd5 Kb7 78. Rxa5 Kc7 79. Rd5 Rd6 80. Rc5+ Kb6 81. Rb5+ Kc6 82. Rb2 Kc5 83. Rb5+ Kc6 84. Rb2 Rd5 85. a5 Kc5 86. a6 Rd7 87. Ra2 Ra7 88. Ra4 Kb5 89. Rb4+ Kxa6 90. Rxc4 Rd7 91. Kd2 Kb5 92. Rc3 Kb4 93. Rxd3 Rxd3+ 94. Kxd3 1/2-1/2


[Site "https://www.chess.com"]